 Dungeon Crawl Stone Soup version 0.23-a0-169-gb21e695 (webtiles) character file.

1391 KristoblXynda the Ruffian (level 8, -1/67 HPs)
             Began as a Troll Wizard on Sept 11, 2018.
             Was an Initiate of Ashenzari.
             Slain by a gnoll
             ... wielding a +0 halberd
              (5 damage)
             ... on level 6 of the Dungeon.
             The game lasted 00:11:56 (4735 turns).

KristoblXynda the Ruffian (Troll Wizard)            Turns: 4735, Time: 00:11:57

Health: -1/67      AC:  5    Str: 16    XL:     8   Next: 40%
Magic:  10/10      EV:  9    Int: 16    God:    Ashenzari [......]
Gold:   341        SH:  0    Dex:  8    Spells: 10/11 levels left

rFire    . . .     SeeInvis .     - Unarmed
rCold    . . .     Gourm    +   (no shield)
rNeg     . . .     Faith    .   a - +0 robe
rPois    .         Spirit   .   b - +0 hat
rElec    .         Reflect  .   (no cloak)
rCorr    .         Harm     .   (gloves unavailable)
MR       +....                  (boots unavailable)
Stlth    +.........             (no amulet)
HPRegen  0.61/turn              y - ring of protection from magic
MPRegen  0.12/turn              (no ring)

@: no status effects
A: large, unfitting armour, claws 3, fast metabolism 3, gourmand, regeneration
1, shaggy fur 1, tough skin 2
a: Curse Item, Renounce Religion


You were on level 6 of the Dungeon.
You worshipped Ashenzari.
Ashenzari was noncommittal.
You were full.

You visited 2 branches of the dungeon, and saw 7 of its levels.
You also visited: Ossuary.

You collected 341 gold pieces.

Inventory:

Hand Weapons
 v - a +1 whip of electrocution
Armour
 a - a +0 robe (worn)
 b - a +0 hat (worn)
Jewellery
 y - a ring of protection from magic (left claw)
Wands
 z - a wand of digging (12)
 A - a wand of polymorph (10)
Scrolls
 c - 5 scrolls of teleportation
 f - 2 scrolls of immolation {unknown}
 i - 2 scrolls of remove curse
 j - 2 scrolls of magic mapping
 k - 2 scrolls of amnesia
 o - 2 scrolls of fog {unknown}
 p - 3 scrolls of blinking {unknown}
 s - a scroll of fear {unknown}
 B - 2 scrolls of enchant weapon {unknown}
Potions
 e - 2 potions of ambrosia
 g - a potion of heal wounds
 h - a potion of flight {unknown}
 l - a potion of haste {unknown}
 m - a potion of berserk rage
 n - 4 potions of curing
 q - 3 potions of invisibility
 r - 2 potions of mutation
 t - 2 potions of lignification
 u - a potion of resistance
 w - a potion of degeneration {unknown}
 x - 2 potions of cancellation {unknown}
Comestibles
 d - 6 rations


   Skills:
 - Level 1.5 Dodging
 - Level 1.0 Stealth
 + Level 7.2 Unarmed Combat
 - Level 2.0 Spellcasting
 + Level 5.5 Conjurations
   Level 0.6 Summonings
   Level 0.6 Translocations


You had 10 spell levels left.
You knew the following spells:

 Your Spells              Type           Power        Failure   Level  Hunger
a - Magic Dart            Conj           ###.         2%          1    #......

Your spell library contained the following spells:

 Spells                   Type           Power        Failure   Level  Hunger
 Conjure Flame            Conj/Fire      ##......     21%         3    ###....
 Blink                    Tloc           N/A          24%         2    ###....
 Call Imp                 Summ           #.......     24%         2    ###....
 Mephitic Cloud           Conj/Pois/Air  #.......     28%         3    ###....
 Slow                     Hex            #.......     30%         2    ###....


Dungeon Overview and Level Annotations

Branches:
Dungeon (6/15)             Temple (1/1) D:4

Altars:
Ashenzari
Cheibriados
Dithmenos
Elyvilon
Fedhas
Gozag
Hepliaklqana
Kikubaaqudgha
Makhleb
Nemelex Xobeh
Okawaru
Qazlal
Ru
Sif Muna
Trog
Vehumet
Wu Jian
Xom
Yredelemnul
Zin
The Shining One

Annotations:
D:3 1 runed door, Spepijn's ghost, weakling DESu


Innate Abilities, Weirdness & Mutations

You are too large for most types of armour.
You have claws for hands.
Your metabolism is lightning-fast.
You like to eat raw meat.
Your natural rate of healing is unusually fast.
You are covered in fur. (AC +1)
You have very tough skin. (AC +2)


Message History

There is an open door, spattered with blood here.
You barely miss the gnoll. The gnoll hits you with a club.
The gnoll hits you with a halberd!
You scratch the gnoll but do no damage. The gnoll closely misses you.
You scratch the gnoll.
The gnoll is heavily wounded.
The gnoll hits you with a halberd! The gnoll hits you with a club.
You barely miss the gnoll. The gnoll closely misses you.
You barely miss the gnoll.
The gnoll is heavily wounded.
The gnoll hits you but does no damage. x2
You closely miss the gnoll. The gnoll hits you with a club.
You closely miss the gnoll.
The gnoll is heavily wounded.
The gnoll hits you with a halberd!
* * * LOW HITPOINT WARNING * * *
The gnoll hits you with a club.
* * * LOW HITPOINT WARNING * * *
You barely miss the gnoll. The gnoll hits you with a halberd.
You die...

#### ... ≈≈≈ ≈≈
##### #..g# ....
#.gg#############'''
#@#...........#...
#........#.##.#...
#.....)).#....#...
#'####''#######...
#.#.#.........#...
#)#.'.........'...
#.#.#.........'...
#.#.#.........#8..
#.################


You could see 3 gnolls.

Vanquished Creatures
  A fire bat (D:5)
  A wraith (Ossuary)
  2 sky beasts
  A phantom (D:4)
  An ogre (D:5)
  A gnoll sergeant (D:6)
  A scorpion (D:4)
  A crimson imp (D:5)
  A hound (D:4)
  An orc priest (D:3)
  A gnoll shaman (D:6)
  A centaur skeleton (D:4)
  2 worker ants (D:4)
  4 mummies
  25 gnolls (D:6)
  6 adders
  An adder skeleton (D:4)
  An adder zombie (D:5)
  2 dart slugs
  A leopard gecko (D:1)
  5 orcs
  3 ball pythons
  5 giant cockroaches
  A gnoll zombie (Ossuary)
  4 goblins (D:1)
  5 hobgoblins
  19 jackals
  4 kobolds
  3 quokkas
  9 bats
  8 frilled lizards
  A goblin zombie (Ossuary)
  4 hobgoblin zombies (Ossuary)
  2 kobold zombies (Ossuary)
  A leopard gecko skeleton (D:4)
  11 rats
140 creatures vanquished.

Notes
Turn   | Place    | Note
-------+----------+-------------------------------------------
     0 | D:1      | KristoblXynda the Troll Wizard began the quest for the Orb.
     0 | D:1      | Reached XP level 1. HP: 16/16 MP: 2/2
    28 | D:1      | Reached skill level 1 in Unarmed Combat
    28 | D:1      | Reached skill level 1 in Conjurations
    75 | D:1      | Reached XP level 2. HP: 24/24 MP: 4/4
   548 | D:1      | Reached XP level 3. HP: 31/31 MP: 5/5
   628 | D:2      | Reached skill level 2 in Unarmed Combat
  1071 | D:3      | Found a runed door.
  1075 | D:3      | Noticed Spepijn's ghost (weakling DESu)
  1176 | D:3      | Reached XP level 4. HP: 33/39 MP: 6/6
  1409 | D:3      | Found a shimmering altar of Xom.
  1565 | D:3      | Reached skill level 3 in Unarmed Combat
  1587 | D:3      | Found a deep blue altar of Sif Muna.
  1868 | D:4      | Reached XP level 5. HP: 29/45 MP: 7/7
  1967 | D:4      | Found a sand-covered staircase.
  1987 | Ossuary  | Entered an ossuary
  1987 | Ossuary  | Noticed a wraith
  1987 | Ossuary  | Noticed a wraith
  1987 | Ossuary  | Noticed a wraith
  2141 | Ossuary  | Noticed a wraith
  2156 | Ossuary  | Killed a wraith
  2156 | Ossuary  | Reached skill level 4 in Unarmed Combat
  2156 | Ossuary  | Reached XP level 6. HP: 5/53 MP: 8/8
  2622 | D:4      | Found a sacrificial altar of Ru.
  2622 | D:4      | Found a bloodstained altar of Trog.
  2649 | D:4      | Reached skill level 5 in Unarmed Combat
  2814 | D:4      | Reached XP level 7. HP: 51/59 MP: 9/9
  2845 | D:4      | Found an iron altar of Okawaru.
  2968 | D:4      | Found a staircase to the Ecumenical Temple.
  3068 | Temple   | Entered the Ecumenical Temple
  3192 | Temple   | Became a worshipper of Ashenzari the Shackled
  3550 | D:5      | Entered Level 5 of the Dungeon
  3671 | D:5      | Found a sparkling altar of Nemelex Xobeh.
  3946 | D:5      | Reached skill level 6 in Unarmed Combat
  3980 | D:5      | Noticed a fire bat
  3987 | D:5      | Killed a fire bat
  4068 | D:5      | Reached skill level 5 in Conjurations
  4068 | D:5      | Reached XP level 8. HP: 67/67 MP: 10/10
  4538 | D:6      | Reached skill level 7 in Unarmed Combat
  4734 | D:6      | HP: 3/67 [gnoll/club (6)]
  4735 | D:6      | Slain by a gnoll

Vault maps used:
D:1:      dpeg_arrival_ratfight, minmay_split_cup_small
D:3:      marbit_many_paths, led_sif_pool, first_ration, gammafunk_ghost_grave
D:4:      kennysheep_mini_moat, gammafunk_temple_overflow_wave,
          minmay_temple_entry_poolview, gup_ossuary_entry_pyramid,
          serial_park_tiny_2
D:5:      nemelex_xobeh_ov_fountains_minmay, serial_bayou_pond_a,
          minmay_misc_feat_chi, minmay_statues_item, kennysheep_flooded_box
D:6:      lemuel_castle_with_subvaults, dancing_weapons_uskayaw,
          serial_bayou_pond_a, minmay_misc_feat_room
Temple:   regret_index_temple_waves
Ossuary:  ossuary_kennysheep_city_of_the_dead

Skill      XL: |  1  2  3  4  5  6  7  8 |
---------------+-------------------------+-----
Unarmed Combat | 1 2 3 4 5 6 7 |  7.2
Conjurations   | 1 2 3 5 |  5.5
Dodging        | |  1.5
Stealth        | |  1.0
Spellcasting   | |  2.0
Summonings     | |  0.6
Translocations | |  0.6

Action                   |  1- 3 |  4- 6 |  7- 9 || total
-------------------------+-------+-------+-------++-------
Melee: Unarmed           |   153 |   171 |   184 ||   508
       Punch             |     1 |       |     5 ||     6
Evoke: Wand              |       |       |     2 ||     2
  Use: Scroll            |     7 |     3 |     5 ||    15
       Potion            |       |     1 |     2 ||     3
 Stab: Sleeping          |     2 |     3 |       ||     5
  Eat: Chunk             |    14 |    17 |    16 ||    47
Armor: Robe              |    96 |    34 |    59 ||   189
Dodge: Dodged            |   104 |    64 |    78 ||   246

Table legend:
 A = Non-vault XP
 B = Vault XP
 C = Vault XP percentage of total XP
 D = Non-vault monster count
 E = Vault monster count
 F = Vault count percentage of total count
                 A         B        C        D         E       F
            +---------+---------+-------+---------+---------+-------
      Total |    1199 |     789 |  39.7 |      86 |      54 |  38.6
            +---------+---------+-------+---------+---------+-------
        D:1 |      31 |      11 |  26.2 |      18 |       8 |  30.8
        D:2 |      41 |       0 |   0.0 |      17 |       0 |   0.0
        D:3 |     105 |       2 |   1.9 |      20 |       1 |   4.8
        D:4 |     501 |      18 |   3.5 |      18 |       1 |   5.3
        D:5 |     521 |       0 |   0.0 |      13 |       0 |   0.0
        D:6 |       0 |     494 | 100.0 |       0 |      32 | 100.0
    Ossuary |       0 |     264 | 100.0 |       0 |      12 | 100.0
            +---------+---------+-------+---------+---------+-------
